 Dungeon Crawl Stone Soup version 0.24.0-13-gcf9b319 (webtiles) character file.

Game seed: 3770731201741865406, levelgen mode: deterministic

17179 WalterBottle the Blocker (level 12, -22/116 HPs)
             Began as a Minotaur Berserker on Feb 3, 2020.
             Was a High Priest of Trog.
             Killed from afar by Aizul (48 damage)
             ... with a poison arrow
             ... on level 1 of the Snake Pit.
             The game lasted 00:30:56 (15021 turns).

WalterBottle the Blocker (Minotaur Berserker)      Turns: 15021, Time: 00:30:56

Health: -22/116    AC: 18    Str: 24    XL:     12   Next: 16%
Magic:  11/11      EV:  8    Int:  6    God:    Trog [*****.]
Gold:   281        SH: 16    Dex: 11    Spells: 11/11 levels left

rFire    . . .     SeeInvis .   u - +1 falchion (slice)
rCold    + . .     Gourm    .   t - +3 shield
rNeg     . . .     Faith    .   e - +0 plate armour
rPois    .         Spirit   .   (helmet restricted)
rElec    .         Reflect  .   (no cloak)
rCorr    .         Harm     .   (no gloves)
MR       .....                  (no boots)
Stlth    ..........             (no amulet)
HPRegen  0.29/turn              o - +1 ring of protection
MPRegen  0.12/turn              i - ring of protection from cold

@: lethally poisoned (-22 -> -87)
A: retaliatory headbutt, horns 2, slimy green scales 1, robust 1
a: Berserk, Trog's Hand, Brothers in Arms, Renounce Religion


You were on level 1 of the Snake Pit.
You worshipped Trog.
Trog was extremely pleased with you.
You were hungry.

You visited 3 branches of the dungeon, and saw 14 of its levels.

You collected 726 gold pieces.
You spent 445 gold pieces at shops.

Inventory:

Hand Weapons
 a - a +0 spear
 u - a +1 falchion of slicing (weapon)
 v - a +0 glaive
 w - a +0 bardiche
Armour
 b - a +0 animal skin
 e - a +0 plate armour (worn)
 t - a +3 shield (worn)
Jewellery
 i - a ring of protection from cold (right hand)
 o - a +1 ring of protection (left hand)
 s - an uncursed amulet of magic regeneration
 A - an uncursed ring of wizardry
 C - the ring "Telelikh" {rF+ rCorr Str-5 SInv Stlth+}
   (You found it on level 9 of the Dungeon)

   [ring of resist corrosion]

   It affects your strength (-5).
   It protects you from fire.
   It lets you see invisible.
   It provides partial protection from all sources of acid and corrosion.
   It makes you more stealthy.
Wands
 x - a wand of clouds (3)
 y - a wand of iceblast (6)
 B - a wand of paralysis (23)
 D - a wand of polymorph (6)
Scrolls
 d - 3 scrolls of magic mapping
 g - 15 scrolls of teleportation
 h - 9 scrolls of remove curse
 j - 16 scrolls of identify
 r - 3 scrolls of fog
 E - a scroll of enchant armour
 G - a scroll of enchant weapon {unknown}
Potions
 f - a potion of magic
 k - 2 potions of flight
 l - 3 potions of haste
 m - 7 potions of lignification
 n - a potion of curing
 p - a potion of brilliance
 q - 2 potions of agility
 z - a potion of degeneration {unknown}
 F - a potion of resistance
Comestibles
 c - 12 rations


   Skills:
 + Level 10.1 Fighting
 + Level 10.4 Long Blades
 + Level 9.3 Polearms
 + Level 11.5 Armour
 + Level 4.0 Dodging
 + Level 1.3 Stealth
 + Level 12.3 Shields
 + Level 0.1 Evocations


You had 11 spell levels left.
You didn't know any spells.
Your spell library was empty.

Dungeon Overview and Level Annotations

Branches:
Dungeon (11/15)            Temple (0/1) D:7            Lair (2/6) D:11
  Snake (1/4) Lair:2
  Swamp: Lair:2-4    Shoals: Lair:2-4       Orc: D:9-12

Altars:
Dithmenos
Fedhas
Gozag
Hepliaklqana
Makhleb
Okawaru
Qazlal
Sif Muna
Trog
Uskayaw
Xom

Shops:
D:6 (   D:9 ?%?*   D:10 [

Annotations:
Snake:1 Aizul


Innate Abilities, Weirdness & Mutations

You reflexively headbutt those who attack you in melee.
You have a pair of horns on your head.
You are partially covered in slimy green scales. (AC +2)
You are robust. (+10% HP)


Message History

Aizul coils herself and waves her upper body at you.
You fall asleep.
You feel very sick. Aizul hits you!!
You wake up.
Your plate armour prevents you from hitting Aizul.
Aizul is lightly wounded.
You feel sick.
Aizul coils herself and waves her upper body at you.
The bolt of poison hits you!
You are lethally poisoned!
* * * LOW HITPOINT WARNING * * *
You completely miss Aizul. Your headbutt misses Aizul.
Aizul is lightly wounded.
* * * LOW HITPOINT WARNING * * *
You feel very sick. You block Aizul's attack.
Aizul coils herself and waves her upper body at you.
The poison arrow hits you!!!
You are more poisoned.
You die...

.>.##......#########
...##......##......#
...##......##......#
...##......##......#
...........##......#
...........'.......#
...........##......#
...........##......#
....###.#####...@..#
#######'## #....S..#
####.....##........#
.........##......?.#
.........##........#
.........##.....!..#
.........##........#
####################


You could see Aizul.

Vanquished Creatures
  Josephine (D:10)
  Erolcha (D:9)
  Harold (D:10)
  A two-headed ogre (D:11)
  A manticore (D:11)
  A cyclops (D:11)
  Joseph (D:8)
  A black mamba (Lair:2)
  Psyche (D:9)
  4 spiny frogs (Lair:1)
  A komodo dragon (Lair:1)
  2 trolls
  A blink frog (Lair:2)
  4 hippogriffs
  A vampire (D:9)
  Sigmund (D:6)
  8 yaks
  3 wraiths (D:10)
  A basilisk (Lair:1)
  A hungry ghost (D:8)
  Eustachio (D:5)
  A naga (Snake:1)
  4 water moccasins (Lair:2)
  A porcupine (Lair:1)
  2 ice beasts
  5 sky beasts
  2 black bears (D:10)
  11 ogres
  An eye of draining (D:11)
  A phantom (D:5)
  2 crocodiles
  9 centaurs
  3 big kobolds
  6 bullfrogs
  2 scorpions
  A wyvern skeleton (D:11)
  An electric eel (Lair:1)
  4 wights (D:10)
  A howler monkey (D:8)
  A vampire bat (D:7)
  6 crimson imps
  A quasit (D:6)
  6 jellies
  4 orc priests
  9 hounds
  13 orc wizards
  3 bullfrog skeletons
  3 iguanas
  Terence (D:3)
  8 worker ants
  2 killer bee zombies
  A hound skeleton (D:8)
  Robin (D:2)
  2 worker ant zombies
  10 gnolls
  A howler monkey skeleton (D:5)
  14 adders
  3 shadow imps
  6 oozes
  An adder zombie (D:6)
  2 worms
  8 leopard geckos
  39 orcs
  6 ball pythons
  17 bats
  7 giant cockroaches
  13 goblins
  12 hobgoblins
  2 jackals (D:5)
  2 quokkas
  5 frilled lizards
  19 kobolds
  A leopard gecko zombie (D:9)
  A quokka skeleton (D:9)
  A quokka zombie (D:6)
  8 rats
333 creatures vanquished.

Vanquished Creatures (collateral kills)
  A hydra (D:11)
  A black mamba (Lair:2)
  2 komodo dragons (Lair:2)
  2 yaks (Lair:2)
  4 water moccasins (Lair:2)
  A sky beast (D:11)
  A crocodile (Lair:2)
  An electric eel (Lair:2)
  An adder (Lair:2)
  A ball python (Lair:2)
  A plant (Lair:2)
16 creatures vanquished.

Vanquished Creatures (others)
  A plant (Lair:1)
1 creature vanquished.

Grand Total: 350 creatures vanquished

Notes
Turn   | Place    | Note
-------+----------+-------------------------------------------
     0 | D:1      | WalterBottle the Minotaur Berserker began the quest for the
                  | Orb.
     0 | D:1      | Reached XP level 1. HP: 19/19 MP: 0/0
   743 | D:1      | Reached XP level 2. HP: 27/27 MP: 1/1
  1118 | D:1      | Reached XP level 3. HP: 33/33 MP: 2/2
  1302 | D:2      | Reached ** piety under Trog
  1316 | D:2      | Reached XP level 4. HP: 27/41 MP: 3/3
  1323 | D:2      | Reached skill level 5 in Polearms
  1358 | D:2      | Found an iron altar of Okawaru.
  1550 | D:2      | Found a hazy altar of Hepliaklqana.
  1741 | D:2      | Noticed Robin
  1762 | D:2      | Killed Robin
  2219 | D:3      | Found a blossoming altar of Fedhas.
  2302 | D:3      | Reached XP level 5. HP: 47/47 MP: 4/4
  2344 | D:3      | Reached *** piety under Trog
  2606 | D:3      | Noticed Terence
  2615 | D:3      | Killed Terence
  2615 | D:3      | Reached XP level 6. HP: 52/53 MP: 5/5
  2909 | D:3      | Gained mutation: You are partially covered in slimy green
                  | scales. (AC +2) [potion of mutation]
  2909 | D:3      | Gained mutation: You are robust. (+10% HP) [potion of
                  | mutation]
  3049 | D:4      | Reached skill level 5 in Armour
  3123 | D:4      | Reached skill level 1 in Shields
  3184 | D:4      | Found a stormy altar of Qazlal.
  3253 | D:4      | Reached XP level 7. HP: 51/66 MP: 6/6
  3563 | D:4      | Found an opulent altar of Gozag.
  3810 | D:4      | Found a bloodstained altar of Trog.
  3859 | D:5      | Entered Level 5 of the Dungeon
  3886 | D:5      | Reached skill level 5 in Fighting
  3886 | D:5      | Reached skill level 2 in Shields
  4192 | D:5      | Reached skill level 3 in Shields
  4257 | D:5      | Noticed Eustachio
  4267 | D:5      | Killed Eustachio
  4267 | D:5      | Reached skill level 1 in Stealth
  4267 | D:5      | Reached XP level 8. HP: 77/78 MP: 7/7
  4567 | D:5      | Reached **** piety under Trog
  4567 | D:5      | Reached skill level 4 in Shields
  5142 | D:5      | Found a shimmering altar of Xom.
  5142 | D:5      | Found a burning altar of Makhleb.
  5461 | D:6      | Reached skill level 5 in Shields
  5622 | D:6      | Found a shadowy altar of Dithmenos.
  5720 | D:6      | Noticed Sigmund
  5742 | D:6      | Killed Sigmund
  5742 | D:6      | Reached skill level 6 in Shields
  5742 | D:6      | Reached XP level 9. HP: 69/86 MP: 8/8
  5790 | D:6      | Noticed a +0 hand axe
  5791 | D:6      | Noticed a +0 dagger
  5797 | D:6      | Found a hide-covered altar of Uskayaw.
  5949 | D:6      | Found Leefal's Weapon Shoppe.
  5954 | D:6      | Bought a +1 falchion of slicing for 115 gold pieces
  6217 | D:7      | Reached skill level 1 in Long Blades
  6217 | D:7      | Reached ***** piety under Trog
  6480 | D:7      | Reached skill level 7 in Shields
  6578 | D:7      | Found a staircase to the Ecumenical Temple.
  6587 | D:7      | You fall into a shaft and drop 3 floors!
  6587 | D:10     | Entered Level 10 of the Dungeon
  7025 | D:9      | Found Buosa's Food Emporium.
  7028 | D:9      | Found Hutygu's Magic Scroll Shop.
  7042 | D:9      | Bought a ration for 55 gold pieces
  7042 | D:9      | Bought a ration for 55 gold pieces
  7042 | D:9      | Bought a ration for 55 gold pieces
  7042 | D:9      | Bought a ration for 55 gold pieces
  7074 | D:9      | Bought a scroll of teleportation for 45 gold pieces
  7087 | D:9      | Found Yroeff's Assorted Antiques.
  7160 | D:9      | Noticed Erolcha
  7173 | D:9      | Killed Erolcha
  7173 | D:9      | Reached skill level 5 in Long Blades
  7173 | D:9      | Reached skill level 8 in Shields
  7173 | D:9      | Reached XP level 10. HP: 25/99 MP: 9/9
  7678 | D:9      | Found Poutod's Magic Scroll Emporium.
  7725 | D:9      | Bought a scroll of teleportation for 39 gold pieces
  7725 | D:9      | Bought a scroll of fog for 26 gold pieces
  7794 | D:9      | Got a transparent marble ring
  7820 | D:9      | Noticed Psyche
  7829 | D:9      | Killed Psyche
  8064 | D:8      | Noticed Joseph
  8083 | D:8      | Killed Joseph
  8104 | D:8      | Received a gift from Trog
  8289 | D:8      | Reached skill level 9 in Shields
  8720 | D:8      | Found a shimmering blue altar of Sif Muna.
  9199 | D:10     | Noticed Harold
  9223 | D:10     | Killed Harold
  9228 | D:10     | Reached skill level 10 in Shields
  9395 | D:10     | Noticed Josephine
  9413 | D:10     | Killed Josephine
  9413 | D:10     | Reached XP level 11. HP: 42/106 MP: 10/10
  9992 | D:10     | Reached skill level 10 in Armour
 10164 | D:10     | Found Yphookk's Antique Armour Shoppe.
 10458 | D:11     | Noticed an eight-headed hydra
 10466 | D:11     | Killed a 13-headed hydra
 11397 | D:11     | Found a staircase to the Lair.
 11443 | D:11     | Identified the ring "Telelikh" {rF+ rCorr Str-5 SInv
                  | Stlth+} (You found it on level 9 of the Dungeon)
 11624 | D:11     | Reached skill level 11 in Shields
 12192 | D:11     | Noticed a two-headed ogre
 12200 | D:11     | Killed a two-headed ogre
 12220 | D:11     | Received a gift from Trog
 13084 | Lair:1   | Entered Level 1 of the Lair of Beasts
 14029 | Lair:1   | Reached skill level 12 in Shields
 14370 | Lair:2   | Reached XP level 12. HP: 116/116 MP: 11/11
 14376 | Lair:2   | Reached skill level 10 in Fighting
 14388 | Lair:2   | Reached skill level 10 in Long Blades
 14461 | Lair:2   | Found a staircase to the Snake Pit.
 14544 | Snake:1  | Entered Level 1 of the Snake Pit
 15009 | Snake:1  | Noticed Aizul
 15021 | Snake:1  | Killed from afar by Aizul

Levels and vault maps discovered:
D:1:      onia_arrival_larder, layout_basic, kennysheep_nondescript
D:2:      layout_loops_ring, nicolae_overflow_crystal_walls, okawaru_trees_2,
          minmay_misc_feat_columns, st_stairs_4, uniq_robin,
          uniq_crazy_yiuf_cottage
D:3:      layout_rooms, fedhas_altar_3, uniq_terence
D:4:      layout_loops_cross, grunt_qazlal_clouds, grunt_gozag_statues,
          lemuel_round_altar
D:5:      minmay_bubble_buster, layout_loops_ring,
          grunt_temple_overflow_champion_of_chaos, first_ration, uniq_eustachio
D:6:      layout_gridville, dancing_weapons_uskayaw, grunt_dithmenos_smoke,
          serial_shops, shop, uniq_sigmund
D:7:      layout_cave_pools, amethyst_overflow_temple_binary,
          minmay_temple_entry_purple_smoke, roderic_batcave
D:8:      layout_loops_cross, hangedman_little_slice_of_home, tgw_sif,
          uniq_joseph
D:9:      layout_gridville, serial_shops, nicolae_shop_behind_doors,
          nicolae_shop_trees, shop, nicolae_shop_trees, uniq_psyche,
          uniq_erolcha
D:10:     layout_layer_cave, serial_shops, nicolae_shop_overgrown_old_shop,
          uniq_josephine, uniq_harold
D:11:     layout_grid_maze, lair_entry_dummy
Lair:1:   layout_long_grid, chequers_serial_rivers_micro_a,
          infiniplex_staircase_pool_2, serial_bayou_shore_a
Lair:2:   layout_chaotic_city, minmay_snake_entry_six_corridors,
          serial_bayou_pond_b, serial_bayou_shore_b, lemuel_fruit_tree
Snake:1:  layout_grid_maze, uniq_aizul

Skill      XL: |  1  2  3  4  5  6  7  8  9 10 11 12 |
---------------+-------------------------------------+-----
Fighting       | 4 6 7 8 9 10 | 10.1
Polearms       | 4 5 6 7 9 |  9.3
Armour         | 3 4 5 6 8 9 11 | 11.5
Shields        | 1 3 6 8 10 12 | 12.3
Stealth        | 1 |  1.3
Long Blades    | 5 8 9 10 | 10.4
Dodging        | 3 4 |  4.0
Evocations     | |  0.1

Action                   |  1- 3 |  4- 6 |  7- 9 | 10-12 || total
-------------------------+-------+-------+-------+-------++-------
Melee: Spear             |    77 |   210 |   337 |       ||   624
       Headbutt          |    13 |    43 |   106 |   163 ||   325
       Falchion          |       |       |   168 |   602 ||   770
Invok: Berserk           |       |     1 |     1 |     5 ||     7
       Trog's Hand       |       |     1 |       |       ||     1
       Brothers in Arms  |       |       |       |     5 ||     5
Evoke: Wand              |       |       |       |     2 ||     2
  Use: Scroll            |       |     7 |     2 |     2 ||    11
       Potion            |       |     7 |       |     7 ||    14
 Stab: Sleeping          |     1 |       |       |       ||     1
       Distracted        |       |       |       |     1 ||     1
  Eat: Chunk             |     1 |     4 |     8 |     6 ||    19
       Ration            |       |     1 |     2 |     8 ||    11
Armor: Plate armour      |    51 |   118 |   266 |   288 ||   723
Dodge: Dodged            |    31 |    42 |    92 |   167 ||   332
Block: Shield            |       |    22 |   335 |   556 ||   913
       Rpst.: Falchion   |       |       |    11 |    47 ||    58
